 Dungeon Crawl Stone Soup version 0.31-a0-4-gefa6de2278 (webtiles) character file.

Game seed: 8676256617186899550

1542 bande the Chopper (level 8, 0/49 HPs)
             Began as a Gargoyle Fighter on May 4, 2023.
             Was a Believer of Okawaru.
             Slain by a water moccasin (5 damage)
             ... on level 6 of the Dungeon.
             The game lasted 00:08:08 (4766 turns).

bande the Chopper (Gargoyle Fighter)                Turns: 4766, Time: 00:08:09

Health: 0/49       AC: 27    Str: 21    XL:     8   Next: 87%
Magic:  10/10      EV:  8    Int:  8    God:    Okawaru [**....]
Gold:   101        SH:  6    Dex: 16    Spells: 7/7 levels left

rFire   . . .        a - +0 war axe
rCold   . . .        c - +1 buckler
rNeg    + . .        t - +7 chain mail "Ziosoa Nuoc" {Dex+5}
rPois   ∞            (no helmet)
rElec   +            (no cloak)
rCorr   .            g - +0 pair of gloves
SInv    .            f - +2 pair of boots
Will    .....        (no amulet) Stlth
                     (no ring)
HPRegen 0.28/turn    (no ring)
MPRegen 0.12/turn

%: no passive effects
@: no status effects
A: sickness immunity, AC +5, negative energy resistance 1, electricity
resistance, torment resistance 1, petrification resistance
a: Renounce Religion, Heroism


You were on level 6 of the Dungeon.
You worshipped Okawaru.
Okawaru was pleased with you.
You visited 2 branches of the dungeon, and saw 7 of its levels.

You collected 300 gold pieces.
You spent 199 gold pieces at shops.

Inventory:

Hand Weapons
 a - a +0 war axe (weapon)
 n - a +4 sling of flaming
Missiles
 h - a throwing net (quivered)
Armour
 c - a +1 buckler (worn)
 f - a +2 pair of boots (worn)
 g - a +0 pair of gloves (worn)
 t - the +7 chain mail "Ziosoa Nuoc" (worn) {Dex+5}
   (You bought it in a shop on level 5 of the Dungeon)

   Dex:       It affects your dexterity (+5).
Jewellery
 l - a ring of ice
 q - a ring of ice
Wands
 o - a wand of charming (5)
Scrolls
 j - a scroll of teleportation
 m - a scroll of enchant weapon {unknown}
 u - a scroll of magic mapping {unknown}
Potions
 b - a potion of flight
 d - 2 potions of might
 e - a potion of cancellation
 i - 2 potions of brilliance
 k - 4 potions of curing
 p - a potion of magic
 r - a potion of haste
 s - a potion of mutation {unknown}
 v - a potion of attraction {unknown}


   Skills:
 + Level 5.0 Fighting
 + Level 6.3 Axes
 + Level 5.5 Armour
 - Level 0.2 Stealth
 + Level 5.2 Shields
 * Level 3.5 Invocations
 * Level 3.4 Evocations


You had 7 spell levels left.
You didn't know any spells.
Your spell library contained the following spells:

 Spells                   Type           Power      Damage    Failure   Level
 Dazzling Flash           Conj/Hex       0%         N/A       100%        3
 Agony                    Necr           0%         N/A       100%        5
 Silence                  Hex/Air        0%         N/A       100%        5


Dungeon Overview and Level Annotations

Branches:
Dungeon (6/15)             Temple (1/1) D:5

Altars:
Ashenzari
Cheibriados
Dithmenos
Elyvilon
Gozag
Hepliaklqana
Makhleb
Nemelex Xobeh
Okawaru
Qazlal
Ru
Trog
Uskayaw
Vehumet
Yredelemnul

Shops:
D:5 *[   D:6 *

Annotations:
D:6 Edmund


Innate Abilities, Weirdness & Mutations

You are immune to sickness and miasma.
Your stone body is resilient. (AC +5)
You are immune to poison.
You resist negative energy. (rN+)
You are resistant to electric shocks. (rElec)
You are resistant to unholy torment.
You are immune to petrification.


Message History

You hit the orc wizard.
You kill the orc wizard!
Okawaru accepts your kill.
You hit the orc priest but do no damage.
You hit the kobold brigand. You hit the kobold.
You kill the kobold!
Okawaru accepts your kill.
You miss the water moccasin. You block the water moccasin's attack.
The kobold throws a stone.
You block the stone.
The kobold throws a stone.
The stone closely misses you.
The orc priest hits you but does no damage.
The kobold brigand barely misses you. The water moccasin bites you.
The water moccasin closely misses you.
The orc priest calls down the wrath of Beogh upon you.
Beogh smites you!
* * * LOW HITPOINT WARNING * * *
The kobold hits you but does no damage. x3
You block the kobold brigand's attack.
Things that are here:
a +2 dagger of freezing; a +0 robe You barely miss the orc priest.
The orc priest is moderately wounded.
You hit the kobold but do no damage. You slash the kobold brigand!
You closely miss the kobold. x2; You barely miss the water moccasin.
The water moccasin bites you but does no damage.
You block the kobold's attack. x3; The kobold brigand closely misses you.
The orc priest hits you but does no damage.
The water moccasin bites you but does no damage.
You slash the orc priest!
The orc priest is almost dead.
You hit the kobold brigand.
You kill the kobold brigand!
Okawaru accepts your kill.
You hit the kobold. You closely miss the kobold. You hit the water moccasin.
You slash the kobold!
You kill the kobold!
You block the water moccasin's attack. You block the orc priest's attack.
The kobold completely misses you. The kobold hits you but does no damage.
The water moccasin bites you.
You die...

≈.≈.≈∩≈.≈.≈..
§.≈.≈..§≈.≈.#.#.
≈.§.≈§≈≈≈.≈.#...
≈.§.......≈...#
§.≈≈≈≈≈≈≈§≈....
§§$§..).....####..
≈§§≈≈≈§§§≈§......
§.....S.).§..#
##...@o@K).<##
..###.#)K))##
#..$##.#
.....###.# #....#
#.. #.#.. ...#
..#.. .)!# .. ...#


You could see Edmund, a water moccasin, an orc priest and 2 kobolds.

Vanquished Creatures
  Sigmund (D:4)
  A wyvern (D:5)
  A steam dragon (D:5)
  An ice beast (D:5)
  A sky beast (D:4)
  A centaur (D:5)
  2 phantoms
  A kobold brigand (D:6)
  4 scorpions
  2 hounds
  A jelly (D:5)
  2 orc priests (D:4)
  An iguana (D:4)
  2 orc wizards
  4 gnolls (D:4)
  6 adders
  A white imp (D:5)
  An ufetubus (D:5)
  A worm (D:3)
  3 dart slugs
  12 orcs
  4 bats
  10 endoplasms
  12 giant cockroaches
  10 goblins
  10 hobgoblins
  7 jackals
  13 kobolds
  4 quokkas (D:1)
  10 ball pythons
  4 frilled lizards
  6 rats
139 creatures vanquished.

Notes
Turn   | Place    | Note
-------+----------+-------------------------------------------
     0 | D:1      | bande the Gargoyle Fighter began the quest for the Orb.
     0 | D:1      | Reached XP level 1. HP: 14/14 MP: 1/1
   130 | D:1      | Reached skill level 2 in Axes
   130 | D:1      | Reached XP level 2. HP: 15/19 MP: 2/2
   441 | D:1      | Reached XP level 3. HP: 23/23 MP: 3/3
  1237 | D:2      | Reached XP level 4. HP: 28/28 MP: 4/4
  1883 | D:3      | Reached skill level 3 in Axes
  1958 | D:3      | Reached XP level 5. HP: 31/33 MP: 5/5
  2392 | D:4      | Found a stormy altar of Qazlal.
  2406 | D:4      | Reached skill level 1 in Evocations
  2524 | D:4      | Reached XP level 6. HP: 5/38 MP: 6/6
  2533 | D:4      | Reached skill level 4 in Axes
  2781 | D:4      | Found a sparkling altar of Nemelex Xobeh.
  2781 | D:4      | Found an iron altar of Okawaru.
  2787 | D:4      | Became a worshipper of Warmaster Okawaru
  2850 | D:4      | Found a sacrificial altar of Ru.
  2902 | D:4      | Reached skill level 1 in Invocations
  2902 | D:4      | Reached XP level 7. HP: 37/43 MP: 7/7
  2902 | D:4      | Found a bloodstained altar of Trog.
  3004 | D:4      | Found a hide-covered altar of Uskayaw.
  3004 | D:4      | Noticed Sigmund
  3036 | D:4      | Killed Sigmund
  3316 | D:4      | Reached * piety under Okawaru
  3317 | D:4      | Reached skill level 5 in Axes
  3405 | D:4      | Reached skill level 5 in Armour
  3602 | D:5      | Entered Level 5 of the Dungeon
  3640 | D:5      | Reached XP level 8. HP: 46/48 MP: 9/9
  3650 | D:5      | Found Gozag's Platinum Reserve.
  3651 | D:5      | Found an opulent altar of Gozag.
  3653 | D:5      | Found Mysoede's Antique Armour Boutique.
  3667 | D:5      | Bought a faintly glowing chain mail for 199 gold pieces
  3667 | D:5      | Identified the +7 chain mail "Ziosoa Nuoc" {Dex+5} (You
                  | bought it in a shop on level 5 of the Dungeon)
  3675 | D:5      | Noticed a wyvern
  3685 | D:5      | Killed a wyvern
  3939 | D:5      | Found a staircase to the Ecumenical Temple.
  3961 | Temple   | Entered the Ecumenical Temple
  4105 | D:5      | Reached ** piety under Okawaru
  4106 | D:5      | Reached skill level 5 in Shields
  4311 | D:5      | Found a broken altar of Ashenzari.
  4347 | D:5      | Reached skill level 6 in Axes
  4413 | D:5      | Reached skill level 5 in Fighting
  4463 | D:5      | Found a shadowy altar of Dithmenos.
  4751 | D:6      | Noticed Edmund
  4752 | D:6      | Found Umup's Assorted Antiques.
  4766 | D:6      | Slain by a water moccasin

Illustrated notes

Levels and vault maps discovered:
D:1:      dpeg_arrival_court, layout_loops_corners, minmay_strange_pillars,
          roderic_malta_cross, kennysheep_crisscross, chequers_avenue
D:2:      minmay_roachtagon, layout_basic, minmay_octomino_j4
D:3:      layout_basic, dreamdust_princess_bridge, dreamdust_wishing_well,
          nicolae_titane
D:4:      layout_basic, trog_hazing_becter, lemuel_tele_altar,
          mainiacjoe_overflow_alcove_2, gammafunk_temple_overflow_statue,
          mainiacjoe_overflow_tiny_flanked, serial_rivers,
          chequers_serial_rivers_marsh, chequers_serial_rivers_micro_c,
          chequers_serial_rivers_small_b, chequers_serial_rivers_small_a,
          chequers_serial_rivers_marsh, chequers_serial_rivers_room_a,
          st_stairs_9, minmay_quadrilaterals, uniq_sigmund
D:5:      layout_basic, old_standard_altar, nicolae_gozag_zags_fifth_avenue,
          nicolae_dithmenos_the_darkroom, minmay_temple_entry_glassed_door,
          serial_shops, shop, kennysheep_generic_room_10
D:6:      layout_rooms, serial_shops, nicolae_inconvenience_store,
          gup_sewer_entry_glass, kb_rosetta, uniq_edmund
Temple:   hellmonk_temple_beads

Skill      XL: |  1  2  3  4  5  6  7  8 |
---------------+-------------------------+-----
Axes           | 2 3 4 5 6 |  6.3
Armour         | 4 5 |  5.5
Shields        | 4 5 |  5.2
Evocations     | 1 2 3 |  3.4
Fighting       | 4 5 |  5.0
Invocations    | 1 2 3 |  3.5
Stealth        | |  0.2

Action                     |  1- 3 |  4- 6 |  7- 9 || total
---------------------------+-------+-------+-------++-------
  Melee: War axe           |   101 |   191 |   164 ||   456
    Use: Scroll            |     1 |    13 |     2 ||    16
         Potion            |       |     1 |     1 ||     2
 Armour: Scale mail        |    52 |     1 |       ||    53
         Chain mail        |       |   156 |   157 ||   313
  Dodge: Dodged            |    52 |    76 |    64 ||   192
  Block: Buckler           |    26 |    58 |    64 ||   148

Table legend: (Time is in decaauts)
 A = Elapsed time spent in this place.
 B = Non-inter-level travel time spent in this place.
 C = Inter-level travel time spent in this place.
 D = Time resting spent in this place.
 E = Time spent auto-exploring this place.
 F = Levels seen in this place.
 G = Mean time per level.
                   A        B        C        D        E       F      G
               +--------+--------+--------+--------+--------+-----+--------+
         Total |   4937 |   4842 |     95 |    531 |   3141 |   7 |  705.3 |
       Dungeon |   4819 |   4724 |     95 |    531 |   3051 |   6 |  803.2 |
        Temple |    117 |    117 |      0 |      0 |     90 |   1 |  117.0 |
               +--------+--------+--------+--------+--------+-----+--------+

Top non-repeatable levels by time:
     D:4: 1319 daAuts
     D:1: 1089 daAuts
     D:5: 1037 daAuts
     D:2: 680 daAuts
     D:3: 668 daAuts
  Temple: 117 daAuts
     D:6: 24 daAuts
